Unix NetHack Version 5.0.0-0 post-release - last build May 23 2026 06:08:33 (1c0ff79ee797540d5714e4e18072db0edd9e58ae,branch:main).

Game began 2026-05-28 18:53:06, ended 2026-05-28 23:11:24.

DaveT, lawful male human Priest

                          -----            -------
                          |...------     --|.....|
                          |........|     |.+.....|
                          |.`.`.`..|     |-|.....|--
                          -------.----   |.+.....+.|
                           |.`.....`.--  |-|.....|.|
                           |)%......`.|  |.+.....|.|
                           |.`..`.`...|  --|.....|.|
                          -----.--------   ------|.|
                          |.........%..|         |.|
                          |.`.`..`...`.|         |.|
                          --------.----|         |.|
                           |.`.`.`%`m`.|         |.|
                           |........@..|         |.|
                          -------.------         |.|
                          |/......----------------.|
                          |>.....^^^^^^^^^^^^^^^^^.|
                          --------------------------
DaveT the Priest             St:16 Dx:14 Co:18 In:12 Wi:18 Ch:11  Lawful
Dlvl:3  $:0  HP:0(98) Pw:100(120) AC:-5 Xp:10 T:11038  Burdened

Latest messages:
 With great effort you move the boulder.
 With great effort you move the boulder.
 With great effort you move the boulder.
 With great effort you move the boulder.
 With great effort you move the boulder.
 That boulder is a giant mimic!
 You hit the giant mimic!
 The giant mimic hits!
 The giant mimic hits again!
 You hit the giant mimic!
 You kill the giant mimic!
 You see here a giant mimic corpse.
 With great effort you move the boulder.
 You hit the giant zombie!
 The giant zombie hits!
 The giant zombie knocks you backward with a powerful strike!
 Ouch!
 You stagger...
 The giant zombie hits!
 The giant zombie hits again!
 You feel a bit steadier now.
 You hit the fog cloud!
 The giant zombie hits!
 The giant zombie misses!
 You destroy the fog cloud!
 The giant zombie hits!
 The giant zombie hits again!
 You fail to cast the spell correctly.
 In what direction? .
 You feel better.
 The giant zombie hits!
 The giant zombie misses!
 You hit the giant zombie!
 The giant zombie hits!
 The giant zombie hits again!
 You destroy the giant zombie!
 That boulder is a giant mimic!
 You hit the giant mimic!
 You hit the giant mimic!
 You hit the giant mimic!
 The giant mimic hits!
 The giant mimic hits again!
 You hit the giant mimic!
 The giant mimic hits!
 The giant mimic hits again!
 You die...
 Do you want your possessions identified? [ynq] (y) y
 Do you want to see your attributes? [ynq] (y) y
 Do you want an account of creatures vanquished? [ynaq] (y) y
 Do you want a list of species genocided? [ynq] (y) q

Inventory:
 Weapons  (')')
  F - 3 +1 darts (at the ready)
  X - a +0 aklys
  a - a blessed +5 mace (weapon in right hand)
 Armor    ('[')
  J - a +0 pair of leather gloves (being worn)
  w - a +0 pair of kicking boots (being worn)
  K - a blessed +3 shield of reflection (being worn)
  b - a +0 robe (being worn)
  t - a blessed +3 studded leather armor (being worn)
 Comestibles  ('%')
  e - 2 cloves of garlic
  u - 6 food rations
  f - a sprig of wolfsbane
  j - a lizard corpse
  k - 2 lizard corpses
 Potions  ('!')
  d - a potion of full healing
 Rings    ('=')
  q - a +1 ring of increase damage
  y - a ring of invisibility
  m - a ring of teleportation
 Wands    ('/')
  n - a wand of cold (0:5)
  s - a wand of create monster (0:9)
  B - a wand of digging (0:4)
  p - a wand of lightning (0:5)
  C - a wand of magic missile (0:3)
  x - a wand of opening (0:7)
  I - a wand of probing (0:3)
  T - a wand of slow monster (0:4)
 Tools    ('(')
  S - a bag of holding containing 43 items
  v - a blindfold
  i - a +0 pick-axe
  r - a skeleton key

Contents of the bag of holding:
  2515 gold pieces
  an amulet of flying
  9 +0 arrows
  15 +0 darts
  a +2 pair of levitation boots
  a +0 mummy wrapping
  4 food rations
  a scroll of amnesia
  a scroll of destroy armor
  a blessed scroll of earth
  2 scrolls of earth
  a scroll of food detection
  a blessed scroll of identify
  5 scrolls of identify
  5 scrolls of light
  a cursed scroll of light
  a blessed scroll of remove curse
  a scroll of remove curse
  a scroll of scare monster
  a blessed scroll of teleportation
  a scroll of teleportation
  a spellbook of charm monster
  a spellbook of protection
  a spellbook of slow monster
  2 potions of blindness
  a potion of confusion
  a potion of enlightenment
  a potion of extra healing
  a potion of gain level
  a potion of hallucination
  3 potions of healing
  2 potions of monster detection
  a potion of oil
  a potion of polymorph
  a potion of see invisible
  a potion of speed
  a potion of unholy water
  a cursed ring of levitation
  a wand of speed monster (0:4)
  a skeleton key
  5 blessed tallow candles
  a tallow candle
  a partly used tallow candle

DaveT the Priest's attributes:

Background:
 You were a Priest, level 10 human.
 You were lawful, nominally on a mission for Tyr
 who was opposed by Odin (neutral) and Loki (chaotic).
 You were right-handed.
 You were in Sokoban, on level 3.
 You entered the dungeon 11038 turns ago.
 It was nighttime.
 You had 7379 experience points, 2621 more were needed to attain level 11.

Basics:
 You had 0 out of 98 hit points.
 You had 100 out of 120 energy points (spell power).
 Your armor class was -5.
 Your wallet was empty, but
 you had 2515 zorkmids stashed away in your pack.
 Autopickup was off.

Final Characteristics:
 Your strength was 16 (limit:18/100).
 Your dexterity was 14 (peak:16, limit:18).
 Your constitution was 18 (limit:18).
 Your intelligence was 12 (limit:18).
 Your wisdom was 18 (limit:18).
 Your charisma was 11 (limit:18).

Final Status:
 You were held by a giant mimic (north).
 You weren't hungry.
 You were burdened; movement was slightly slowed.
 You were wielding a mace.
 You had expert skill with mace.

Final Attributes:
 You were piously aligned.
 You were cold resistant.
 You were telepathic.
 You were guarded.
 Your spell casting was enhanced by wearing a robe.
 You had reflection.
 You are dead.

Miscellaneous:
 You encountered 1 bones level.
 Total elapsed playing time was 1 hour and 8 minutes.

Major events:
 Turn
    1: DaveT the lawful human Priest entered the dungeon
  717: attained the rank of Acolyte (level 3)
 1499: entered the Gnomish Mines
 2254: attained the rank of Adept (level 6)
 5098: reached Mine Town
 8181: attained the rank of Priest (level 10)
 8360: performed his first genocide (rust monsters)
 8657: entered Sokoban
 9353: completed 1st Sokoban level
 9956: completed 2nd Sokoban level
10570: completed 3rd Sokoban level
11038: killed by a giant mimic

Spells:
 Name                 Level Category     Fail Retention
 light                  1   clerical      53%   41%-50%
 identify               3   divination    53%   41%-45%
 healing                1   healing       47%   51%-75%
 dig                    5   matter        97%   51%-75%
 charm monster          5   enchantment   97%  76%-100%
 protection             1   clerical      53%   81%-90%

Skills:
 Fighting Skills
   bare handed combat [Unskilled]
 Weapon Skills
   club               [Unskilled]
   mace               [Expert]
   morning star       [Unskilled]
   flail              [Unskilled]
   hammer             [Unskilled]
   quarterstaff       [Unskilled]
   polearms           [Unskilled]
   spear              [Unskilled]
   trident            [Unskilled]
   lance              [Unskilled]
   bow                [Unskilled]
   sling              [Unskilled]
   crossbow           [Unskilled]
   dart               [Unskilled]
   shuriken           [Unskilled]
   boomerang          [Unskilled]
   unicorn horn       [Unskilled]
 Spellcasting Skills
   healing spells     [Unskilled]
   divination spells  [Skilled]
   clerical spells    [Basic]

Voluntary challenges:
 Character rerolling was not enabled.
 You were an atheist.
 You genocided 1 type of monster.
 You never polymorphed an object.
 You never changed form.
 You used no wishes.
 You did not violate any of the special Sokoban rules.
Achievements:
 You attained the rank of Acolyte.
 You entered a shop.
 You entered the Gnomish Mines.
 You attained the rank of Adept.
 You entered Minetown.
 You entered a temple.
 You attained the rank of Priest.
 You entered Sokoban.

 The Dungeons of Doom: levels 1 to 8
    Level 1:
       A fountain.
    Level 2:
    Level 3:
       An armor shop.
    Level 4:
       An armor shop.
       Stairs down to The Gnomish Mines.
    Level 5:
       Final resting place for
          pakka-Val-Dwa-Fem-Law, killed by an elf zombie.
    Level 6:
       Many fountains.
    Level 7:
       A grave.
       Stairs up to Sokoban, level 6.
    Level 8:
 The Gnomish Mines: levels 5 to 9
    Level 5:
    Level 6:
    Level 7:
    Level 8:
       Many shops, a temple and an altar, some fountains.
    Level 9:
 Sokoban: levels 6 up to 3
    Level 3: <- You were here.
       Unsolved.
       Final resting place for
          you, killed by a giant mimic.
    Level 4:
       Solved.
    Level 5:
       Solved.
    Level 6:
       Solved.


Vanquished creatures:
  a giant mimic
  a giant zombie
  3 wargs
  6 small mimics
  a warhorse
  a xan
 an ogre leader
  a quantum mechanic
  a large dog
  a dwarf ruler
  a human mummy
 an ettin zombie
  a leather golem
  a watchman
  2 giant beetles
  a quivering blob
  a cockatrice
  a mumak
  3 giant spiders
  a scorpion
  2 horses
  a vampire bat
  3 gnome rulers
  a dwarf mummy
 an owlbear
  a yeti
  4 lizards
  a dingo
  a dog
  2 jaguars
  a dust vortex
  a raven
  a snake
  a human zombie
  8 bugbears
  a Mordor orc
  a rock mole
  a pony
  5 fog clouds
  2 yellow lights
  4 shriekers
  2 violet fungi
  8 gnome leaders
  3 gnomish wizards
  a golden naga hatchling
  a gray ooze
  2 elf zombies
  a ghoul
  a straw golem
  3 little dogs
  5 floating eyes
  4 dwarves
  2 homunculi
 16 hill orcs
  4 rothes
  2 rabid rats
  a giant bat
  3 monkeys
  a dwarf zombie
  a wererat
  2 iguanas
  2 killer bees
  5 acid blobs
  6 coyotes
  2 gas spores
  a hobbit
  4 manes
  2 large kobolds
  7 hobgoblins
  2 giant rats
  a cave spider
  2 brown molds
  a yellow mold
  4 red molds
 28 gnomes
  4 geckos
  4 jackals
  5 foxes
  3 kobolds
  5 goblins
  3 sewer rats
  5 grid bugs
  5 bats
  7 lichens
  a kobold zombie
  6 newts
251 creatures vanquished.

Genocided species:
 rust monsters
1 species genocided.

Game over:
                       ----------
                      /          \
                     /    REST    \
                    /      IN      \
                   /     PEACE      \
                  /                  \
                  |      DaveT       |
                  |     2515 Au      |
                  |   killed by a    |
                  |   giant mimic    |
                  |                  |
                  |                  |
                  |       2026       |
                 *|     *  *  *      | *
        _________)/\\_//(\/(/\)/\//\/|_)_______

Goodbye DaveT the Priest...

You died in Sokoban on dungeon level 3 with 19196 points,
and 2515 pieces of gold, after 11038 moves.
You were level 10 with a maximum of 98 hit points when you died.

